 Dungeon Crawl Stone Soup version 0.18.1-50-g88ac8fd (webtiles) character file.

1906 magog001 the Blocker (level 8, -19/70 HPs)
             Began as a Minotaur Fighter on Feb 7, 2018.
             Demolished by an orc warrior
             ... wielding a +0 glaive
              (24 damage)
             ... in a bailey.
             The game lasted 00:35:55 (6816 turns).

magog001 the Blocker (Minotaur Fighter)             Turns: 6816, Time: 00:35:56

Health: -19/70     AC:  8    Str: 28      XL:     8   Next: 94%
Magic:  7/7        EV:  8    Int:  5      God:
Gold:   453        SH:  0    Dex: 13 (14) Spells: 0 memorised, 7 levels left

rFire  . . .     SeeInvis .     H - +0 bardiche
rCold  . . .     Gourm    .     J - +0 plate armour
rNeg   . . .     Faith    .     (shield currently unavailable)
rPois  .         Spirit   .     (helmet unavailable)
rElec  .         Dismiss  .     (no cloak)
rCorr  .         Reflect  .     (no gloves)
SustAt .         Harm     .     (no boots)
MR     .....                    (no amulet)
Stlth  ..........               (no ring)
                                t - +4 ring of dexterity

@: mighty, not resistant to hostile enchantments, extremely unstealthy
A: retaliatory headbutt, horns 3, molten scales 1, deformed body, deterioration
1
a: no special abilities


You were in a bailey.
You were not hungry.

You visited 1 branch of the dungeon, and saw 7 of its levels.
You also visited: Ossuary and Bailey.

You collected 519 gold pieces.
You spent 66 gold pieces at shops.

Inventory:

Hand Weapons
 a - a +0 war axe
 D - a +0 hunting sling
 H - a +0 bardiche (weapon)
Missiles
 e - 73 sling bullets
 y - 19 poisoned needles
 E - a javelin of returning (quivered)
Armour
 c - a +1 shield
 p - a +0 chain mail
 J - a +0 plate armour (worn)
Jewellery
 t - a +4 ring of dexterity (left hand)
Wands
 r - a wand of flame (18/48)
 w - a wand of iceblast (1/15)
 G - a wand of polymorph (13/24)
Scrolls
 h - a scroll of identify
 o - 2 scrolls of remove curse
 q - 3 scrolls of fear
 u - 4 scrolls of fog
Potions
 b - 2 potions of agility {unknown}
 i - a potion of brilliance {unknown}
 j - 2 potions of lignification {unknown}
 l - a potion of flight {unknown}
 m - 2 potions of degeneration {unknown}
 v - 3 potions of curing {unknown}
 x - a potion of haste {unknown}
 z - 2 potions of heal wounds {unknown}
 A - a potion of resistance {unknown}
 B - a potion of cancellation {unknown}
 F - a potion of cure mutation {unknown}
Comestibles
 f - 2 bread rations
 g - 2 royal jellies
 k - 2 slices of pizza
 n - 6 meat rations
 s - 7 fruits
 C - 10 chunks of flesh
 I - a beef jerky


   Skills:
 + Level 5.9 Fighting
 * Level 8.1 Axes
 + Level 2.5 Slings
 + Level 6.2 Armour
 + Level 2.3 Dodging
 * Level 8.9 Shields
 + Level 0.5 Evocations


You had 7 spell levels left.
You didn't know any spells.

Dungeon Overview and Level Annotations

Branches:
Dungeon (7/15)             Temple (0/1) D:6

Altars:
Cheibriados
Qazlal
Trog
The Shining One

Shops:
D:5 %

Annotations:
D:3 Grimoiregrey's ghost, amateur HOFi


Innate Abilities, Weirdness & Mutations

You reflexively headbutt those who attack you in melee.
You have a pair of large horns on your head.
You are partially covered in molten scales (AC +1).
Armour fits poorly on your strangely shaped body.
Your body sometimes deteriorates upon taking damage.


Message History

Things that are here:
a spear; a scale mail
Things that are here:
a glaive; a ring mail An orc warrior comes into view.
It is wielding a glaive.
The orc warrior shouts!
The orc warrior barely misses you.
You closely miss the orc warrior. The orc warrior hits you with a glaive!
You barely miss the orc warrior. The orc warrior hits you with a glaive!
Your body deteriorates!
You feel clumsy.
The orc warrior hits you with a glaive!!
* * * LOW HITPOINT WARNING * * *
You slash the orc warrior!
The orc warrior is moderately wounded.
The orc warrior hits you with a glaive!
* * * LOW HITPOINT WARNING * * *
Drink which item? (? for menu, Esc to quit)
You feel very mighty all of a sudden.
The orc warrior hits you with a glaive!!
You die...

≈.)#.≈≈.≈.≈≈≈≈≈)≈.≈≈.#
≈..##)≈.≈≈..)).≈≈.≈.##
≈..⌠#)≈≈.≈≈≈.≈≈≈.≈≈.#
≈...#..≈≈..≈)≈.)≈≈..#
≈...#.⌠.≈≈≈...≈≈≈.⌠.# .
≈.).##....≈≈≈≈≈....##.o.
≈...)#####.....#####....
#.......)#######⌠.......
##.......)......@o.....#
##...................##
#########+++#########


You could see an orc warrior and an orc (wandering).

Vanquished Creatures
  Eustachio (D:5)
  A sky beast (D:5)
  2 orc warriors (Bailey)
  An ogre (D:6)
  3 centaurs
  An elf zombie (Ossuary)
  2 giant frogs (D:6)
  A giant frog zombie (D:6)
  3 centaur zombies (Ossuary)
  4 human zombies (Ossuary)
  2 hounds
  A jelly (D:6)
  An orc priest (D:4)
  A giant frog skeleton (D:6)
  2 orc wizards (D:7)
  An iguana (D:5)
  3 worker ants
  A killer bee zombie (D:6)
  A hound zombie (Ossuary)
  4 mummies
  6 gnolls
  8 adders
  2 shadow imps (D:5)
  2 oozes
  5 adder zombies
  5 worms
  2 dart slugs (D:3)
  3 giant geckos
  28 orcs
  3 ball pythons
  5 giant cockroaches
  7 goblins
  11 hobgoblins
  6 jackals
  3 quokkas
  6 bats
  8 giant newts
  A goblin zombie (Ossuary)
  5 hobgoblin zombies (Ossuary)
  6 jackal zombies (Ossuary)
  9 kobolds
  5 kobold zombies (Ossuary)
  2 orc zombies (Ossuary)
  3 quokka zombies (Ossuary)
  11 rats
  2 rat zombies (Ossuary)
190 creatures vanquished.

Notes
Turn   | Place    | Note
--------------------------------------------------------------
     0 | D:1      | magog001 the Minotaur Fighter began the quest for the Orb.
     0 | D:1      | Reached XP level 1. HP: 19/19 MP: 0/0
    33 | D:1      | Reached XP level 2. HP: 27/27 MP: 1/1
   707 | D:1      | Reached XP level 3. HP: 29/33 MP: 2/2
  1312 | D:3      | Reached XP level 4. HP: 35/40 MP: 3/3
  1338 | D:3      | Noticed Grimoiregrey's ghost (amateur HOFi)
  1346 | D:3      | Reached skill level 5 in Shields
  2230 | D:3      | Reached XP level 5. HP: 47/47 MP: 4/4
  2475 | D:3      | Noticed a moth of wrath
  2477 | D:3      | Found a bloodstained altar of Trog.
  3132 | D:4      | Found a glowing golden altar of the Shining One.
  3521 | D:5      | Entered Level 5 of the Dungeon
  3589 | D:5      | Found a sand-covered staircase.
  3596 | D:5      | Reached XP level 6. HP: 36/55 MP: 5/5
  3600 | Ossuary  | Entered an ossuary
  3824 | Ossuary  | Reached skill level 5 in Fighting
  3824 | Ossuary  | Reached skill level 5 in Axes
  4000 | Ossuary  | Reached XP level 7. HP: 59/61 MP: 6/6
  4014 | Ossuary  | Reached skill level 1 in Dodging
  4268 | D:5      | Noticed Eustachio
  4282 | D:5      | Killed Eustachio
  4584 | D:5      | Reached skill level 5 in Armour
  4939 | D:5      | Found Hothrecw's Food Shop.
  4979 | D:5      | Reached XP level 8. HP: 63/69 MP: 7/7
  4986 | D:5      | Gained mutation: You have a pair of large horns on your head. [mutagenic meat]
  4987 | D:5      | Gained mutation: Your body sometimes deteriorates upon taking damage. [mutagenic meat]
  4988 | D:5      | Gained mutation: Armour fits poorly on your strangely shaped body. [mutagenic meat]
  4989 | D:5      | Gained mutation: You are partially covered in molten scales (AC +1). [mutagenic meat]
  5008 | D:5      | Bought 4 fruits for 66 gold pieces
  5804 | D:6      | Found a staircase to the Ecumenical Temple.
  6064 | D:6      | Found a stormy altar of Qazlal.
  6147 | D:6      | Found a snail-covered altar of Cheibriados.
  6299 | D:7      | Found a flagged portal.
  6315 | Bailey   | Entered a bailey
  6372 | Bailey   | Reached skill level 1 in Slings
  6816 | Bailey   | Demolished by an orc warrior

Skill      XL: |  1  2  3  4  5  6  7  8 |
---------------+-------------------------+-----
Shields        | 4 5 6 7 8 |  8.9
Fighting       | 4 5 |  5.9
Axes           | 3 4 5 6 8 |  8.1
Armour         | 4 5 6 |  6.2
Dodging        | 2 |  2.3
Slings         | 2 |  2.5
Evocations     | |  0.5

Action                   |  1- 3 |  4- 6 |  7- 9 || total
-------------------------+-------+-------+-------++-------
Melee: War axe           |   119 |   200 |   147 ||   466
       Headbutt          |    19 |    45 |    33 ||    97
       Bardiche          |       |       |    15 ||    15
 Fire: Hunting sling     |       |       |    68 ||    68
Evoke: Wand              |       |     1 |     6 ||     7
  Use: Scroll            |       |     6 |     5 ||    11
       Potion            |       |       |     3 ||     3
  Eat: Chunk             |     1 |     7 |    11 ||    19
       Bread ration      |       |     1 |       ||     1
       Pizza             |       |     1 |       ||     1
       Beef jerky        |       |     1 |     1 ||     2
Armor: Scale mail        |    36 |       |       ||    36
       Chain mail        |    28 |   119 |    48 ||   195
       Plate armour      |       |       |    10 ||    10
Dodge: Dodged            |    39 |    49 |    41 ||   129
Block: Shield            |    72 |   119 |   103 ||   294
